 Dungeon Crawl Stone Soup version 0.28-a0-384-g9e0c098162 (webtiles) character file.

Game seed: 6551188936536878942

175 zdrol the Chopper (level 5, 0/47 HPs)
             Began as a Minotaur Monk on Sept 2, 2021.
             Succumbed to a scorpion's poison
             ... on level 4 of the Dungeon on Sept 3, 2021.
             The game lasted 00:10:37 (4109 turns).

zdrol the Chopper (Minotaur Monk)                   Turns: 4109, Time: 00:10:38

Health: 0/47       AC:  2    Str: 16    XL:     5   Next: 29%
Magic:  4/4        EV: 13    Int:  7    God:
Gold:   193        SH:  0    Dex: 13    Spells: 4/4 levels left

rFire   . . .      SeeInvis .   a - +0 hand axe
rCold   . . .      Faith    .   (no shield)
rNeg    . . .      Spirit   .   b - +0 robe
rPois   .          Reflect  .   (helmet restricted)
rElec   .          Harm     .   (no cloak)
rCorr   .          Rampage  .   (no gloves)
Will    .....                   (no boots)
Stlth   ++........              (no amulet)
HPRegen 0.15/turn               (no ring)
MPRegen 0.09/turn               (no ring)

@: lethally poisoned (0 -> -17)
A: horns 2, retaliatory headbutt
a: no special abilities


You were on level 4 of the Dungeon.
You visited 1 branch of the dungeon, and saw 4 of its levels.

You collected 193 gold pieces.

Inventory:

Hand Weapons
 a - a +0 hand axe (weapon)
Missiles
 j - 7 boomerangs (quivered)
Armour
 b - a +0 robe (worn)
 f - a +0 crystal plate armour
Jewellery
 e - a ring of protection from fire
Wands
 g - a wand of charming (10)
Scrolls
 d - a scroll of fog {unknown}
 i - a scroll of teleportation {unknown}
 m - a scroll of identify
Potions
 c - 3 potions of cancellation
 h - a potion of attraction {unknown}
 k - a potion of heal wounds {unknown}
 l - a potion of curing {unknown}


   Skills:
 + Level 4.8 Fighting
 + Level 5.1 Axes
 + Level 4.4 Dodging
 + Level 2.3 Stealth


You had 4 spell levels left.
You didn't know any spells.
Your spell library contained the following spells:

 Spells                   Type           Power      Damage    Failure   Level
 Dazzling Flash           Conj/Hex       0%         N/A       80%         3
 Gell's Gravitas          Tloc           0%         N/A       80%         3
 Teleport Other           Tloc           0%         N/A       80%         3
 Agony                    Necr           0%         N/A       100%        5
 Silence                  Hex/Air        0%         N/A       100%        5
 Conjure Ball Lightning   Conj/Air       0%         3x3d6     100%        6
 Dispersal                Tloc           0%         N/A       100%        6
 Discord                  Hex            0%         N/A       100%        8
 Disjunction              Tloc           0%         N/A       100%        8


Dungeon Overview and Level Annotations

Branches:
Dungeon (4/15)
 Temple: D:4-7

Altars:
Fedhas
Okawaru
Zin


Innate Abilities, Weirdness & Mutations

You have a pair of horns on your head.
You reflexively headbutt those who attack you in melee.


Message History

An adder skeleton comes into view.
A scorpion comes into view.
You barely miss the scorpion. The scorpion stings you.
You are poisoned.
The scorpion poisons you! The scorpion stings you.
You closely miss the scorpion.
You feel very sick. The scorpion misses you.
You hit the scorpion.
The scorpion is moderately wounded.
You feel very sick. The scorpion barely misses you.
You feel sick. The scorpion stings you.
You feel sick. The scorpion barely misses you.
You feel sick.
You closely miss the scorpion.
The scorpion is moderately wounded.
You feel sick. The scorpion stings you.
You are more poisoned.
The scorpion poisons you!
You barely miss the scorpion.
The scorpion is moderately wounded.
* * * LOW HITPOINT WARNING * * *
You feel very sick. The scorpion misses you.
You hit the scorpion.
The scorpion is moderately wounded.
* * * LOW HITPOINT WARNING * * *
You feel very sick.
The scorpion stings you but does no damage.
The scorpion stings you!
* * * LOW HITPOINT WARNING * * *
You are more poisoned.
The scorpion poisons you!
Okay, then.
Unknown command.
You hit the scorpion.
You headbutt the scorpion, but do no damage.
The scorpion is heavily wounded.
You die...

#......#.######
#.###.###.....#
#.# ##.#.####.#
#.# ##.## #.#
#.# ### #.# #.#
#.## #.#
#.#.#######
#.#####
#.###.))...#
#....@# ##
#.#####..
#####s# #.# ###
#######Z### ##
..........#
#..............
#..####.#.####.
#. ....# ###.#
.


You could see a scorpion and an adder skeleton.

Vanquished Creatures
  An orc priest (D:4)
  A centaur skeleton (D:2)
  Natasha (twice) (D:2)
  An adder (D:2)
  2 worms
  A dart slug (D:1)
  4 orcs
  10 ball pythons
  2 endoplasms
  7 giant cockroaches
  4 hobgoblins
  3 quokkas
  4 bats
  5 frilled lizards
  8 rats
55 creatures vanquished.

Vanquished Creatures (others)
  4 plants (D:4)
4 creatures vanquished.

Grand Total: 59 creatures vanquished

Notes
Turn   | Place    | Note
-------+----------+-------------------------------------------
     0 | D:1      | zdrol the Minotaur Monk began the quest for the Orb.
     0 | D:1      | Reached XP level 1. HP: 19/19 MP: 0/0
   223 | D:1      | Reached XP level 2. HP: 15/27 MP: 1/1
   710 | D:1      | Found a glowing silver altar of Zin.
   793 | D:2      | Reached skill level 4 in Axes
   798 | D:2      | Found a blossoming altar of Fedhas.
   834 | D:2      | Found a faded altar of an unknown god.
  1009 | D:2      | Reached XP level 3. HP: 33/33 MP: 2/2
  1575 | D:2      | Noticed Natasha
  1578 | D:2      | Killed Natasha
  1579 | D:2      | Reached XP level 4. HP: 41/41 MP: 3/3
  2127 | D:2      | Noticed Natasha
  2134 | D:2      | Killed Natasha
  2494 | D:3      | Found an iron altar of Okawaru.
  3337 | D:3      | Reached XP level 5. HP: 37/47 MP: 4/4
  3783 | D:4      | Reached skill level 5 in Axes
  4109 | D:4      | Succumbed to a scorpion's poison

Illustrated notes

Levels and vault maps discovered:
D:1:      dpeg_arrival_water_altar, layout_rooms
D:2:      layout_basic, basic_altar, basic_ecumenical_altar, uniq_natasha
D:3:      layout_basic, amcnicky_altar_gilded, portal_sewer_entry_e,
          chequers_jeans
D:4:      layout_loops_ring, serial_bayou_crossing, uniq_eustachio, uniq_duvessa

Skill      XL: |  1  2  3  4  5 |
---------------+----------------+-----
Fighting       | 4 |  4.8
Axes           | 4 5 |  5.1
Dodging        | 4 |  4.4
Stealth        | 2 |  2.3

Action                   |  1- 3 |  4- 6 || total
-------------------------+-------+-------++-------
Melee: Hand axe          |    70 |    57 ||   127
       Headbutt          |    11 |    13 ||    24
  Use: Scroll            |     1 |       ||     1
 Stab: Sleeping          |     2 |     3 ||     5
Armor: Robe              |     8 |     8 ||    16
Dodge: Dodged            |    64 |    39 ||   103

Table legend: (Time is in decaauts)
 A = Elapsed time spent in this place.
 B = Non-inter-level travel time spent in this place.
 C = Inter-level travel time spent in this place.
 D = Time resting spent in this place.
 E = Time spent auto-exploring this place.
 F = Levels seen in this place.
 G = Mean time per level.
                   A        B        C        D        E       F      G
               +--------+--------+--------+--------+--------+-----+--------+
         Total |   4129 |   4129 |      0 |    834 |   2095 |   4 | 1032.2 |
       Dungeon |   4129 |   4129 |      0 |    834 |   2095 |   4 | 1032.2 |
               +--------+--------+--------+--------+--------+-----+--------+

Top non-repeatable levels by time:
     D:2: 1722 daAuts
     D:3: 1250 daAuts
     D:1: 779 daAuts
     D:4: 376 daAuts
